 Seeded DCSS version 0.29.1-13-g9f3cf754e1 (webtiles) character file.

Game seed: 16245865983455551772 (custom seed)

4 OTABOTABOTAB the Caller (level 1, 11/11 HPs)
             Began as an Octopode Summoner on Jan 27, 2023.
             Quit the game on level 1 of the Dungeon.
             The game lasted 00:00:39 (373 turns).

OTABOTABOTAB the Caller (Octopode Summoner)          Turns: 373, Time: 00:00:39

Health: 11/11      AC:  1    Str:  7    XL:     1   Next: 60%
Magic:  3/3        EV: 12    Int: 17    God:
Gold:   0          SH:  6    Dex: 12    Spells: 3/4 levels left

rFire   . . .      SeeInvis .   a - +0 sling
rCold   . . .      Faith    .   c - +3 warlock's mirror {reflect}
rNeg    . . .      Spirit   .   (helmet restricted)
rPois   .          Reflect  +   (no amulet)
rElec   .          Harm     .   (no ring)
rCorr   .          Rampage  .   (no ring)
Will    .....                   (no ring)
Stlth   +++.......              (no ring)
HPRegen 0.03/turn               (no ring)
MPRegen 0.08/turn               (no ring)
                                (no ring)
                                (no ring)

@: no status effects
A: almost no armour, amphibious, 8 rings, camouflage 1, gelatinous body 1,
(nimble swimmer 1), tentacles
a: no special abilities


You were on level 1 of the Dungeon.
You visited 1 branch of the dungeon, and saw 1 of its levels.

Inventory:

Hand Weapons
 a - a +0 sling (weapon)
   (You found it on level 1 of the Dungeon)
Armour
 c - the +3 warlock's mirror (worn) {reflect}
   (You acquired it on level 1 of the Dungeon)

   It can block and reflect piercing ranged attacks and magical attacks against
   the wielder's willpower.
Scrolls
 b - a scroll of acquirement
Potions
 M - a potion of magic


   Skills:
 - Level 2.0 Dodging
 - Level 2.6 Stealth
 + Level 2.1 Spellcasting
 + Level 4.1 Summonings


You had 3 spell levels left.
You knew the following spells:

 Your Spells              Type           Power      Damage    Failure   Level
a - Summon Small Mammal   Summ           60%        N/A       4%          1

Your spell library contained the following spells:

 Spells                   Type           Power      Damage    Failure   Level
 Call Imp                 Summ           15%        N/A       8%          2
 Call Canine Familiar     Summ           15%        N/A       14%         3
 Summon Guardian Golem    Hex/Summ       8%         N/A       32%         3
 Summon Lightning Spire   Summ/Air       8%         N/A       73%         4


Dungeon Overview and Level Annotations

Branches:
Dungeon (1/15)

Altars:


Innate Abilities, Weirdness & Mutations

You cannot wear most types of armour.
You are amphibious.
You can wear up to eight rings at the same time.
Your skin changes colour to match your surroundings (Stealth+).
Your rubbery body absorbs attacks. (AC +1, EV +1)
((You are camouflaged when in or above water. (Stealth+)))
You have tentacles for arms and can constrict up to eight enemies at once.


Message History

Bad channel name for runrest: 'Jiyva says: Divide and consume' Welcome, OTABOTABOTAB the Octopode Summoner.
Game seed: 16245865983455551772 (custom seed)
Found a sling.
Found a staircase leading out of the dungeon.
a - a +0 sling
a - a +0 sling (weapon)
Found an escape hatch in the floor.
Found an escape hatch in the floor.
You see here a +0 dagger.
A goblin comes into view. It is wielding a +0 dagger.
You shoot a sling bullet. The sling bullet hits the goblin.
A quokka comes into view.
You shoot a sling bullet. The sling bullet hits the quokka.
You shoot a sling bullet. The sling bullet misses the quokka.
The sling bullet hits the goblin.
You kill the goblin!
You shoot a sling bullet.
The sling bullet barely misses the quokka.
The quokka bites you.
You take 5 damage, and have 6/11 hp.
MASSIVE DAMAGE!!
The quokka barely misses you.
You now have 2/3 mp.
The quokka barely misses you.
Your rat bites the quokka.
You now have 1/3 mp.
You are too injured to fight recklessly!
You are too injured to fight recklessly!
Unknown command.
Fire: a) +0 sling
Aim: a quokka (severely wounded, not watching you, ally target, 38% to hit)
You shoot a sling bullet. The sling bullet misses the quokka.
Your bat hits the quokka.
Your bat closely misses the quokka.
The quokka misses your bat.
Fire: a) +0 sling
Aim: a quokka (almost dead, not watching you, ally target, 38% to hit)
You shoot a sling bullet.
The sling bullet hits the quokka but does no damage.
Your bat misses the quokka.
Your rat barely misses the quokka.
The quokka bites you.
* * * LOW HITPOINT WARNING * * *
You take 4 damage, and have 2/11 hp.
MASSIVE DAMAGE!!
Fire: a) +0 sling
Aim: a quokka (almost dead, ally target, 38% to hit)
You shoot a sling bullet.
The sling bullet barely misses the quokka.
Your bat misses the quokka.
Your rat bites the quokka but does no damage.
The quokka barely misses you.
Your rat bites the quokka.
The quokka dies!
Fire: a) +0 sling Really target yourself?
Okay, then.
Unknown command.
Unknown command.
You start resting.
Your rat disappears in a puff of smoke!
Your bat disappears in a puff of smoke!
Health restored: 11; MP restored: 3 Unknown command.
An endoplasm comes into view.
You shoot a sling bullet.
The sling bullet hits the endoplasm but does no damage.
The endoplasm quivers.
You shoot a sling bullet. The sling bullet hits the endoplasm.
You shoot a sling bullet.
The sling bullet hits the endoplasm but does no damage.
You shoot a sling bullet. The sling bullet hits the endoplasm.
You kill the endoplasm!
You now have 2/3 mp.
Unknown command.
Unknown command.
b - 3 scrolls labelled WAC GOIFOFITOUPLEC MP restored: 3 This is a scroll of acquirement!
Something appears before you!
c - the +3 warlock's mirror {reflect} You start putting on your armour.
You continue putting on the +3 warlock's mirror {reflect}. x4
You finish putting on the +3 warlock's mirror {reflect}.
Something appears before you!

# .# #.#
######..###
#.@........
.......#r.#.....
#.##...#..# ...
#...###.## #
#... #..# ...#
#..# ##.## ....
#..#.. #..#
....#
#.##...##.##
....# #....
#..#.....#


You could see a friendly quokka (summoned).

Vanquished Creatures
  An endoplasm (D:1)
  A goblin (D:1)
2 creatures vanquished.

Vanquished Creatures (collateral kills)
  A quokka (D:1)
1 creature vanquished.

Grand Total: 3 creatures vanquished

Notes
Turn   | Place    | Note
-------+----------+-------------------------------------------
     0 | D:1      | OTABOTABOTAB the Octopode Summoner began the quest for the
                  | Orb.
     0 | D:1      | Reached XP level 1. HP: 11/11 MP: 3/3
    35 | D:1      | HP: 2/11 [quokka (4)]
   365 | D:1      | Identified 3 scrolls of acquirement
   365 | D:1      | Acquired the +3 warlock's mirror {reflect}
   365 | D:1      | Found the +3 warlock's mirror {reflect}
   372 | D:1      | Acquired the ring "Asaiklo" {rElec rC++ rCorr}
   373 | D:1      | Quit the game

Illustrated notes

Levels and vault maps discovered:
D:1:      minmay_arrival_hallway, layout_loops_corners, basic_ecumenical_altar,
          minmay_unequal

Action                   || total
-------------------------++-------
 Fire: Sling             ||    11
 Cast: Summon Small Mamm ||     3
  Use: Scroll            ||     2
Dodge: Dodged            ||     3

Table legend: (Time is in decaauts)
 A = Elapsed time spent in this place.
 B = Non-inter-level travel time spent in this place.
 C = Inter-level travel time spent in this place.
 D = Time resting spent in this place.
 E = Time spent auto-exploring this place.
 F = Levels seen in this place.
 G = Mean time per level.
                   A        B        C        D        E       F      G
               +--------+--------+--------+--------+--------+-----+--------+
         Total |    376 |    376 |      0 |    294 |     50 |   1 |  376.0 |
       Dungeon |    376 |    376 |      0 |    294 |     50 |   1 |  376.0 |
               +--------+--------+--------+--------+--------+-----+--------+

Top non-repeatable levels by time:
     D:1: 376 daAuts

Table legend:
 A = Kills in this place as a percentage of kills in entire the game.
 B = Kills by you in this place as a percentage of kills by you in the entire game.
 C = Kills by friends in this place as a percentage of kills by friends in the entire game.
 D = Other kills in this place as a percentage of other kills in the entire game.
 E = Experience gained in this place as a percentage of experience gained in the entire game.
 F = Experience gained in this place divided by the number of levels of this place that you have seen.
                   A       B       C       D       E      F
               +-------+-------+-------+-------+-------+----------------------
         Total | 100.0 | 100.0 | 100.0 |   N/A | 100.0 |   6.0
       Dungeon | 100.0 | 100.0 | 100.0 |   N/A | 100.0 |   6.0
               +-------+-------+-------+-------+-------+----------------------
